AoeStats
← 平民老百姓

Nomad

504528575Analyzed
4v4 RM · 27d ago on Sep 5, 2026· 36m 14s· 8 players
Game mode
Random Map
Map size
231×231
Population
200
Speed
Normal
Resources
Standard
Victory
Conquest
Starting age
Dark Age
Ending age
Imperial Age
RankedLock teamsTeams togetherTeam positionsShared explorationLock speedFull tech treeHidden civsTurbo modeCheats
Victory
Defeat
🇨🇳 Franks · China
1306
+16
🇬🇧 Lithuanians · United Kingdom
1302
+17
🇨🇴 Vikings · Colombia
1295
+17
🇯🇵 Mongols · Japan
1290
+17
🇨🇳 Romans · China
1372
-19
🇭🇰 Tupi · Hong Kong SAR China
1344
-18
🇹🇼 Georgians · Taiwan
1300
-16
🇹🇼 Burmese · Taiwan
1240
-14
べにいろもみじ
3:25 Loom
13:35 Feudal Age
19:24 Castle Age
18:12 Double-Bit Axe
18:38 Gold Mining
18:58 Fletching
24:34 Bodkin Arrow
24:42 Padded Archer Armor
30:50 Wheelbarrow
32:44 Ballistics
FenixFire
5:07 Loom
12:58 Feudal Age
15:43 Town Watch
15:50 Double-Bit Axe
18:22 Castle Age
16:30 Fletching
19:52 Bow Saw
21:35 Stone Mining
22:26 Gold Mining
29:47 Scale Mail Armor
31:40 Horse Collar
33:32 Bodkin Arrow
35:00 Chain Mail Armor
38:37 Imperial Age
36:27 Squires
36:39 Forging
boluwatifeajibade
9:46 Loom
12:03 Feudal Age
13:55 Double-Bit Axe
20:22 Castle Age
19:23 Horse Collar
21:07 Bloodlines
21:04 Scale Barding Armor
21:53 Bow Saw
22:46 Medium Warships
27:12 Fishing Lines
29:49 Chain Barding Armor
31:29 Heavy Plow
32:07 Wheelbarrow
35:19 Imperial Age
33:11 Stone Mining
33:11 Gold Mining
34:16 Hand Cart
34:13 Forging
36:01 Iron Casting
36:30 Conscription
297539664
4:50 Loom
14:29 Feudal Age
18:18 Castle Age
18:37 Double-Bit Axe
20:36 Bow Saw
20:37 Scale Barding Armor
25:50 Husbandry
28:26 Fletching
平民老百姓
6:29 Loom
14:43 Feudal Age
18:50 Stone Mining
21:28 Castle Age
20:36 Gold Mining
30:29 Wheelbarrow
開機中
5:09 Loom
15:06 Feudal Age
16:32 Fishing Lines
19:41 Castle Age
18:59 Double-Bit Axe
21:27 Bow Saw
21:29 Horse Collar
25:13 Svan Towers
26:30 Guard Tower
27:08 Fletching
33:09 Wheelbarrow
32:38 Heavy Plow
33:11 Ballistics
35:07 Hand Cart
梦呓江淮
4:45 Loom
12:53 Feudal Age
12:53 Feudal Age
13:22 Double-Bit Axe
20:35 Castle Age
19:02 Scale Mail Armor
19:14 Forging
18:41 Man-at-Arms
20:52 Long Swordsman
22:38 Chain Mail Armor
31:18 Bow Saw
31:19 Horse Collar
35:38 Wheelbarrow
35:35 Heavy Plow
风正一帆悬
6:03 Loom
13:15 Feudal Age
19:23 Castle Age
18:33 Fletching
19:01 Double-Bit Axe
21:13 Wheelbarrow
23:38 Padded Archer Armor
27:31 Bodkin Arrow
30:05 Ballistics
31:40 Leather Archer Armor
31:28 Champi Runner
32:51 Squires
32:47 Champi Warrior
33:15 Horse Collar
36:07 Scale Mail Armor
Connection lost

Rejoining the realm…

Still unreachable

The connection could not be restored.

Session expired

The server has moved on; the page needs a fresh start.